 Dungeon Crawl Stone Soup version 0.27-a0-1137-g3ef0f4ec91 (webtiles) character file.

Game seed: 1982340016403925885

70 Vomitron the Slasher (level 4, -9/34 HPs)
             Began as a Djinni Gladiator on May 6, 2021.
             Mangled by Sigmund
             ... wielding a +0 scythe
              (12 damage)
             ... on level 2 of the Dungeon.
             The game lasted 00:01:48 (1411 turns).

Vomitron the Slasher (Djinni Gladiator)             Turns: 1411, Time: 00:01:48

Health: -9/34      AC:  4    Str: 14    XL:     4   Next: 21%
Gold:   101        EV: 13    Int:  9    God:
                   SH:  0    Dex: 21

rFire    + + .     SeeInvis .   e - +2 short sword (vamp)
rCold    x . .     Faith    .   (no shield)
rNeg     . . .     Spirit   .   b - +0 leather armour
rPois    ∞         Reflect  .   c - +0 helmet
rElec    .         Harm     .   (no cloak)
rCorr    .         Rampage  .   (no gloves)
Will     .....                  (boots unavailable)
Stlth    ++........             (no amulet)
HPRegen  0.11/turn              j - +6 ring of dexterity
MPRegen  0.00/turn              (no ring)

@: flying
A: sickness immunity, fire resistance 2, cold vulnerability 1, float, innate
caster, hp casting, extra vitality 1
a: no special abilities


You were on level 2 of the Dungeon.
You visited 1 branch of the dungeon, and saw 2 of its levels.

You collected 101 gold pieces.

Inventory:

Hand Weapons
 a - a +0 long sword
 e - a +2 vampiric short sword (weapon)
 f - a +1 whip of electrocution
Missiles
 d - a throwing net (quivered)
Armour
 b - a +0 leather armour (worn)
 c - a +0 helmet (worn)
Jewellery
 j - a +6 ring of dexterity (left hand)
 k - a ring of flight
 n - a ring of resist corrosion
Scrolls
 g - 2 scrolls of identify {unknown}
 m - a scroll of magic mapping {unknown}
Potions
 h - 2 potions of curing {unknown}
 i - a potion of mutation {unknown}
 l - a potion of flight {unknown}


   Skills:
 + Level 2.6 Fighting
 * Level 3.7 Long Blades
 - Level 1.5 Throwing
 - Level 3.2 Dodging
 + Level 1.3 Spellcasting


You had 4 spell levels left.
You knew the following spells:

 Your Spells              Type           Power      Damage    Failure   Level
a - Apportation           Tloc           4%         N/A       26%         1
Your spell library was empty.

Dungeon Overview and Level Annotations

Branches:
Dungeon (2/15)

Altars:

Annotations:
D:2 Sigmund


Innate Abilities, Weirdness & Mutations

You are immune to sickness and miasma.
You are immune to poison.
Your flesh is very heat resistant. (rF++)
You are vulnerable to cold. (rC-)
You float through the air rather than walking.
You learn spells naturally, not from books.
Your magical power is your life essence.
You have superior vitality. (+4 HP)


Message History

You closely miss Sigmund.
Sigmund is heavily wounded.
Sigmund completely misses you.
You hit Sigmund.
Sigmund is heavily wounded.
Sigmund barely misses you. Sigmund closely misses you.
You hit Sigmund.
Sigmund is heavily wounded.
Sigmund hits you with a +0 scythe!
You hit Sigmund.
Sigmund is heavily wounded.
Sigmund casts a spell at you. The magic dart hits you.
Sigmund hits you with a +0 scythe!
* * * LOW HITPOINT WARNING * * *
Unknown command.
Throw: 2 throwing nets
Press: ? - help, Q - select action, (/) - cycle Shift-Dir - straight line, f/p - Sigmund
Aim: Sigmund, wielding a +0 scythe and wearing a +0 robe (heavily wounded, fast, 60% to hit)
You throw a throwing net. The throwing net hits Sigmund.
Sigmund is caught in the net!
Sigmund is heavily wounded.
Sigmund struggles against the net.
Unknown command.
You hit Sigmund.
You feel better.
Sigmund is severely wounded.
Sigmund struggles against the net.
You hit Sigmund but do no damage.
Sigmund is severely wounded.
Sigmund struggles against the net. x2
The net rips apart, and Sigmund comes free!
You closely miss Sigmund.
Sigmund is severely wounded.
Sigmund hits you with a +0 scythe!
* * * LOW HITPOINT WARNING * * *
You closely miss Sigmund.
Sigmund is severely wounded.
Sigmund hits you with a +0 scythe.
* * * LOW HITPOINT WARNING * * *
Sigmund hits you with a +0 scythe!
You die...

#.# #.# ##.### ...
..... #@. ....
##.# #..# ..# #..#
#.###..###
#.##.....#
#J@@.....###### ##
####..........# #.
#......####.# ###.
#..........#.##...
#......##.###....'
##...#.###.#.###.#
#####.# ##..# #.#
#.# #..# #.# #.#
#..# #.#


You could see Sigmund (fast) and an endoplasm.

Vanquished Creatures
  Terence (D:2)
  4 bats
  3 endoplasms (D:1)
  A giant cockroach (D:1)
  2 goblins (D:1)
  5 hobgoblins
  6 jackals (D:1)
  3 quokkas
  4 ball pythons (D:1)
  4 kobolds (D:1)
  5 rats
38 creatures vanquished.

Notes
Turn   | Place    | Note
-------+----------+-------------------------------------------
     0 | D:1      | Vomitron the Djinni Gladiator began the quest for the Orb.
     0 | D:1      | Reached XP level 1. HP: 18/18 MP: 0/0
    86 | D:1      | Reached XP level 2. HP: 17/23 MP: 0/0
   475 | D:1      | Reached XP level 3. HP: 24/29 MP: 0/0
   475 | D:1      | Learned a level 1 spell: Apportation
   519 | D:1      | Reached skill level 1 in Spellcasting
   852 | D:2      | Noticed Terence
   882 | D:2      | Killed Terence
   883 | D:2      | Reached XP level 4. HP: 2/34 MP: 0/0
  1389 | D:2      | Noticed Sigmund
  1411 | D:2      | Mangled by Sigmund

Illustrated notes

Levels and vault maps discovered:
D:1:      dpeg_arrival_leaves_temple_mockup, layout_basic, corner_web_ring
D:2:      layout_loops_ring, minivault_11, minmay_misc_feat_doors, uniq_terence,
          uniq_sigmund

Skill      XL: |  1  2  3 |
---------------+----------+-----
Long Blades    | 3 |  3.7
Spellcasting   | 1 |  1.3
Fighting       | |  2.6
Throwing       | |  1.5
Dodging        | |  3.2

Action                   |  1- 3 |  4- 6 || total
-------------------------+-------+-------++-------
Melee: Long sword        |    24 |       ||    24
       Short sword       |    97 |    12 ||   109
Throw: Throwing net      |     1 |     2 ||     3
Armor: Leather armour    |    33 |       ||    33
Dodge: Dodged            |    80 |     5 ||    85
       Rpst.: Long sword |     6 |       ||     6

Table legend: (Time is in decaauts)
 A = Elapsed time spent in this place.
 B = Non-inter-level travel time spent in this place.
 C = Inter-level travel time spent in this place.
 D = Time resting spent in this place.
 E = Time spent auto-exploring this place.
 F = Levels seen in this place.
 G = Mean time per level.
                   A        B        C        D        E       F      G
               +--------+--------+--------+--------+--------+-----+--------+
         Total |   1416 |   1397 |     19 |    284 |    868 |   2 |  708.0 |
       Dungeon |   1416 |   1397 |     19 |    284 |    868 |   2 |  708.0 |
               +--------+--------+--------+--------+--------+-----+--------+

Top non-repeatable levels by time:
     D:2: 724 daAuts
     D:1: 692 daAuts
